 Dungeon Crawl Stone Soup version 0.27.1-34-g3ba077fa99 (webtiles) character file.

Game seed: 1123724326387463870

125 McKennaii the Poker (level 4, -12/35 HPs)
             Began as a Demonspawn Fighter on Jan 17, 2022.
             Killed by divine providence
             ... invoked by an orc priest
              (13 damage)
             ... on level 2 of the Dungeon.
             The game lasted 00:03:23 (2869 turns).

McKennaii the Poker (Demonspawn Fighter)            Turns: 2869, Time: 00:03:24

Health: -12/35     AC:  8    Str: 17    XL:     4   Next: 82%
Magic:  4/4        EV:  7    Int: 11    God:
Gold:   80         SH:  9    Dex: 13    Spells: 3/3 levels left

rFire    . . .     SeeInvis .   a - +0 trident
rCold    + . .     Faith    .   c - +0 kite shield
rNeg     . . .     Spirit   .   h - +0 scale mail {rC+}
rPois    .         Reflect  .   (helmet restricted)
rElec    .         Harm     .   m - +0 cloak
rCorr    .         Rampage  .   (no gloves)
Will     .....                  (no boots)
Stlth    ..........             (no amulet)
HPRegen  0.11/turn              f - ring of flight
MPRegen  0.09/turn              (no ring)

@: flying
A: antennae 1, big brain 1
a: no special abilities


You were on level 2 of the Dungeon.
You visited 1 branch of the dungeon, and saw 3 of its levels.

You collected 80 gold pieces.

Inventory:

Hand Weapons
 a - a +0 trident (weapon)
Armour
 c - a +0 kite shield (worn)
 e - a +0 chain mail
 h - a +0 scale mail of cold resistance (worn)
 m - a +0 cloak (worn)
Jewellery
 f - a ring of flight (left hand)
Scrolls
 b - 3 scrolls of identify {unknown}
 g - a scroll of brand weapon {unknown}
 i - a scroll of holy word {unknown}
 j - 2 scrolls of fear {unknown}
 l - a scroll of noise {unknown}
Potions
 d - 2 potions of might
 k - a potion of curing {unknown}


   Skills:
 - Level 3.0 Fighting
 * Level 3.5 Polearms
 + Level 3.4 Armour
 + Level 3.4 Shields


You had 3 spell levels left.
You didn't know any spells.
Your spell library contained the following spells:

 Spells                   Type           Power      Damage    Failure   Level
 Ensorcelled Hibernation  Hex/Ice        0%         N/A       100%        2
 Ignite Poison            Fire/Tmut/Pois 0%         N/A       100%        3
 Mephitic Cloud           Conj/Pois/Air  0%         N/A       100%        3
 Spider Form              Tmut/Pois      0%         N/A       100%        3
 Bolt of Magma            Conj/Fire/Erth 0%         4d4       100%        5
 Shadow Creatures         Summ           N/A        N/A       100%        6


Dungeon Overview and Level Annotations

Branches:
Dungeon (3/15)

Altars:
Okawaru


Innate Abilities, Weirdness & Mutations

You have a pair of small antennae on your head.
You have an unusually large brain. (Int +2)


Message History

The orc priest is severely wounded.
The orc priest hits you with a +0 flail.
You are too injured to fight recklessly!
You are too injured to fight recklessly!
You barely miss the orc priest.
The orc priest is severely wounded.
The orc priest hits you but does no damage.
Your shield prevents you from hitting the orc priest.
The orc priest is severely wounded.
You block the orc priest's attack.
The orc priest looks encouraged for a moment.
You closely miss the orc priest.
The orc priest is severely wounded.
You block the orc priest's attack.
You closely miss the orc priest.
The orc priest is severely wounded.
The orc priest mumbles some strange prayers to Beogh against you.
Pain shoots through your body!
You barely miss the orc priest.
The orc priest is severely wounded.
You block the orc priest's attack.
The orc priest hits you with a +0 flail.
* * * LOW HITPOINT WARNING * * *
You closely miss the orc priest.
The orc priest is severely wounded.
The orc priest completely misses you.
You barely miss the orc priest.
The orc priest is severely wounded.
You block the orc priest's attack.
The orc priest calls down the wrath of Beogh upon you.
Pain shoots through your body!
* * * LOW HITPOINT WARNING * * *
You barely miss the orc priest.
The orc priest is severely wounded.
The orc priest hits you but does no damage.
You barely miss the orc priest.
The orc priest is severely wounded.
The orc priest calls down the wrath of Beogh upon you.
Beogh smites you!
You die...

#.# #.#.# #.# #.#.############
#.# #########.#.#..........#
#.####.........#.#.########.#
.....+.........'.#.# #.#
#.####.........###.# #.# #.#
#.............# #.#
#.######.###...###### #.#
...........'...'@o..# #.#
#.######..##...#)##.# #.#
#.#####...........#.# #.#####
..........#)#'##..#.# #......
..#######...#.##..#.# #####.#
..............##..#.###########.#
.................##..............
###########.#.##.################
..........[......................


You could see an orc priest.

Vanquished Creatures
  An orc priest (D:2)
  Terence (D:2)
  An adder (D:2)
  2 worms
  2 dart slugs
  3 orcs
  3 ball pythons
  6 bats
  5 endoplasms
  2 giant cockroaches
  3 goblins
  6 hobgoblins
  2 jackals (D:1)
  6 kobolds
  3 frilled lizards (D:1)
  3 rats
49 creatures vanquished.

Vanquished Creatures (others)
  2 plants (D:1)
2 creatures vanquished.

Grand Total: 51 creatures vanquished

Notes
Turn   | Place    | Note
-------+----------+-------------------------------------------
     0 | D:1      | McKennaii the Demonspawn Fighter began the quest for the
                  | Orb.
     0 | D:1      | Reached XP level 1. HP: 18/18 MP: 1/1
   152 | D:1      | Gained mutation: You have an unusually large brain. (Int
                  | +2) [demonic ancestry]
   152 | D:1      | Reached XP level 2. HP: 24/24 MP: 2/2
   510 | D:1      | Reached XP level 3. HP: 28/29 MP: 3/3
  1055 | D:2      | HP: 1/29 [orc (4)]
  2273 | D:3      | Gained mutation: You have a pair of small antennae on your
                  | head. [demonic ancestry]
  2273 | D:3      | Reached XP level 4. HP: 26/35 MP: 4/4
  2373 | D:3      | Found an iron altar of Okawaru.
  2438 | D:3      | Noticed Terence
  2459 | D:2      | Killed Terence
  2867 | D:2      | HP: 1/35 [orc priest/nerve-wracking pain (10)]
  2869 | D:2      | Killed from afar by an orc priest

Illustrated notes

Levels and vault maps discovered:
D:1:      lemuel_arrival_room, layout_rooms, hangedman_glass_teeth,
          serial_bayou_lagoon_b
D:2:      layout_basic
D:3:      layout_basic, mainiacjoe_overflow_cross_hatched, marbit_many_paths,
          shapermc_ecumenical_altar_mp_vishouse, minmay_starry_boxes,
          uniq_crazy_yiuf_cottage, uniq_terence

Skill      XL: |  1  2  3 |
---------------+----------+-----
Polearms       | 2 3 |  3.5
Armour         | 3 |  3.4
Shields        | 3 |  3.4
Fighting       | |  3.0

Action                   |  1- 3 |  4- 6 || total
-------------------------+-------+-------++-------
Melee: Trident           |   154 |    35 ||   189
Armor: Scale mail        |    59 |     8 ||    67
       Chain mail        |     5 |     9 ||    14
Dodge: Dodged            |    39 |     8 ||    47
Block: Kite shield       |    67 |    21 ||    88
